 Dungeon Crawl Stone Soup version 0.29.1-15-g9cfb28693d (webtiles) character file.

Game seed: 3096062094889696592

80 rddays123 the Trooper (level 4, -3/41 HPs)
             Began as a Minotaur Fighter on Aug 26, 2023.
             Slain by Grinder (7 damage)
             ... on level 3 of the Dungeon.
             The game lasted 00:01:44 (1567 turns).

rddays123 the Trooper (Minotaur Fighter)            Turns: 1567, Time: 00:01:45

Health: -3/41      AC:  7    Str: 23    XL:     4   Next: 18%
Magic:  3/3        EV:  9    Int:  5    God:
Gold:   132        SH:  4    Dex:  9    Spells: 3/3 levels left

rFire   . . .      SeeInvis .   a - +0 war axe
rCold   . . .      Faith    .   c - +0 buckler
rNeg    . . .      Spirit   .   b - +0 scale mail
rPois   .          Reflect  .   (helmet restricted)
rElec   .          Harm     .   (no cloak)
rCorr   .          Rampage  .   (no gloves)
Will    .....                   (no boots)
Stlth   ..........              (no amulet)
HPRegen 0.13/turn               (no ring)
MPRegen 0.08/turn               (no ring)

@: no status effects
A: horns 2, retaliatory headbutt
a: no special abilities


You were on level 3 of the Dungeon.
You visited 1 branch of the dungeon, and saw 3 of its levels.

You collected 132 gold pieces.

Inventory:

Hand Weapons
 a - a +0 war axe (weapon)
Armour
 b - a +0 scale mail (worn)
 c - a +0 buckler (worn)
Jewellery
 h - a +4 ring of evasion
Scrolls
 e - a scroll of blinking {unknown}
 f - a scroll of torment {unknown}
Potions
 d - a potion of might
 g - a potion of heal wounds
 j - a potion of magic
 k - a potion of attraction
 l - a potion of degeneration {unknown}


   Skills:
 + Level 4.6 Fighting
 + Level 3.7 Axes
 - Level 4.1 Armour
 - Level 4.1 Shields


You had 3 spell levels left.
You didn't know any spells.
Your spell library contained the following spells:

 Spells                   Type           Power      Damage    Failure   Level
 Necrotise                Necr           0%         1d4       86%         1
 Shock                    Conj/Air       0%         1d3       86%         1
 Swiftness                Air            0%         N/A       99%         3
 Vampiric Draining        Necr           0%         2d6       99%         3
 Airstrike                Air            0%         2d(0-16)  100%        4
 Animate Dead             Necr           0%         N/A       100%        4
 Passage of Golubria      Tloc           0%         N/A       100%        4
 Agony                    Necr           0%         N/A       100%        5
 Silence                  Hex/Air        0%         N/A       100%        5
 Haunt                    Necr/Summ      0%         N/A       100%        7
 Infestation              Necr           0%         N/A       100%        8
 Lehudib's Crystal Spear  Conj/Erth      0%         10d2      100%        8


Dungeon Overview and Level Annotations

Branches:
Dungeon (3/15)

Altars:

Annotations:
D:3 Grinder


Innate Abilities, Weirdness & Mutations

You have a pair of horns on your head.
You reflexively headbutt those who attack you in melee.


Message History

Grinder is lightly wounded.
Grinder hits you.
You writhe in agony.
You closely miss Grinder.
Grinder is lightly wounded.
Grinder completely misses you. You furiously retaliate!
You headbutt Grinder.
Grinder blinks!
Grinder blinks!
An endoplasm comes into view.
The endoplasm quivers.
Grinder hits you.
You see here a +0 leather armour.
You hit Grinder. You headbutt Grinder.
Grinder is heavily wounded.
Grinder hits you.
You writhe in agony.
You are too injured to fight recklessly!
You are too injured to fight recklessly!
You are too injured to fight recklessly!
You are too injured to fight recklessly!
You hit Grinder.
Grinder is severely wounded.
Grinder hits you.
You slash Grinder!
Grinder is almost dead.
Grinder hits you but does no damage.
Grinder blinks!
The endoplasm hits you but does no damage.
The endoplasm barely misses you. Grinder gestures at you.
Pain shoots through your body!
* * * LOW HITPOINT WARNING * * *
The endoplasm hits you.
* * * LOW HITPOINT WARNING * * *
You closely miss Grinder.
Grinder is almost dead.
You slash the endoplasm!
You kill the endoplasm!
Grinder hits you but does no damage.
You closely miss Grinder. You headbutt Grinder, but do no damage.
Grinder is almost dead.
Grinder hits you!
You die...

#.......# #.#
####.#### #.#
##.# #.# #..# #.#
.######.## #.#
........#######.#
..####.[##......#
####..##.######
#....@##.#
#.###5#..# ..
#.#.## #. ..#.# #
### ###.#
#..####)#####
#...........#
#...........#
#...........#


You could see Grinder.

Vanquished Creatures
  Jessica (D:3)
  2 adders (D:2)
  A dart slug (D:2)
  6 endoplasms
  6 goblins
  A hobgoblin (D:2)
  A quokka (D:3)
  3 ball pythons
  5 bats
  3 kobolds
  3 rats
32 creatures vanquished.

Notes
Turn   | Place    | Note
-------+----------+-------------------------------------------
     0 | D:1      | rddays123 the Minotaur Fighter began the quest for the Orb.
     0 | D:1      | Reached XP level 1. HP: 19/19 MP: 0/0
   164 | D:1      | You fall into a shaft and drop 1 floor!
   303 | D:1      | Reached XP level 2. HP: 26/27 MP: 1/1
   406 | D:1      | Found a faded altar of an unknown god.
   974 | D:2      | Reached XP level 3. HP: 26/33 MP: 2/2
  1485 | D:3      | Noticed Jessica
  1490 | D:3      | Killed Jessica
  1491 | D:3      | Reached XP level 4. HP: 38/41 MP: 3/3
  1551 | D:3      | Noticed Grinder
  1567 | D:3      | Slain by Grinder

Illustrated notes

Levels and vault maps discovered:
D:1:      dpeg_arrival_lava_temple_mockup, layout_basic,
          ebering_ecumenical_altar_box, interstate_on_off
D:2:      layout_rooms, minmay_cut_off
D:3:      kennysheep_slugbush, layout_basic, serial_shops,
          nicolae_lakefront_shop, portal_sewer_entry_d, uniq_robin,
          uniq_jessica, uniq_grinder

Skill      XL: |  1  2 |
---------------+-------+-----
Armour         | 4 |  4.1
Shields        | 4 |  4.1
Fighting       | 4 |  4.6
Axes           | 3 |  3.7

Action                   |  1- 3 |  4- 6 || total
-------------------------+-------+-------++-------
Melee: War axe           |    80 |     9 ||    89
       Headbutt          |     2 |     2 ||     4
  Use: Scroll            |     3 |       ||     3
Armor: Scale mail        |    40 |     3 ||    43
Dodge: Dodged            |    40 |     4 ||    44
Block: Buckler           |    21 |       ||    21
